 Dungeon Crawl Stone Soup version 0.27.1-3-gb3d3a73c9e (webtiles) character file.

Game seed: 12544131676539842406

2 Urokeeper the Sneak (level 1, 0/14 HPs)
             Began as an Octopode Brigand on Oct 21, 2021.
             Slain by a quokka (4 damage)
             ... on level 1 of the Dungeon.
             The game lasted 00:00:21 (57 turns).

Urokeeper the Sneak (Octopode Brigand)                Turns: 57, Time: 00:00:21

Health: 0/14       AC:  1    Str: 10    XL:     1   Next: 30%
Magic:  1/1        EV: 12    Int: 13    God:
Gold:   0          SH:  0    Dex: 13    Spells: 0/0 levels left

rFire    . . .     SeeInvis .   a - +2 dagger
rCold    . . .     Faith    .   (no shield)
rNeg     . . .     Spirit   .   (helmet restricted)
rPois    .         Reflect  .   (no amulet)
rElec    .         Harm     .   (no ring)
rCorr    .         Rampage  .   (no ring)
Will     .....                  (no ring)
Stlth    ++++......             (no ring)
HPRegen  0.04/turn              (no ring)
MPRegen  0.07/turn              (no ring)
                                (no ring)
                                (no ring)

@: no status effects
A: almost no armour, amphibious, 8 rings, camouflage 1, gelatinous body 1,
(nimble swimmer 1), tentacles
a: no special abilities


You were on level 1 of the Dungeon.
You visited 1 branch of the dungeon, and saw 1 of its levels.

Inventory:

Hand Weapons
 a - a +2 dagger (weapon)
Missiles
 b - 8 poisoned darts (quivered)
 c - 2 curare-tipped darts
Scrolls
 d - 2 scrolls of identify {unknown}


   Skills:
 + Level 2.0 Fighting
 + Level 2.0 Short Blades
 + Level 2.0 Throwing
 + Level 1.0 Dodging
 + Level 5.3 Stealth


You couldn't memorise any spells.
You didn't know any spells.
Your spell library was empty.

Dungeon Overview and Level Annotations

Branches:
Dungeon (1/15)

Altars:


Innate Abilities, Weirdness & Mutations

You cannot wear most types of armour.
You are amphibious.
You can wear up to eight rings at the same time.
Your skin changes colour to match your surroundings (Stealth+).
Your rubbery body absorbs attacks. (AC +1, EV +1)
((You are camouflaged near water. (Stealth+)))
You have tentacles for arms and can constrict up to eight enemies at once.


Message History

Will you prevail where others failed? Will you find the Orb of Zot?
Press ? for a list of commands and other information.
Found a staircase leading out of the dungeon.
Found 2 scrolls labelled TOCLUJATIF.
Found a stone staircase leading down.
d - 2 scrolls labelled TOCLUJATIF You open the door.
There is an open door here.
Found a scroll labelled LEYTYV FADGHEO.
Found a viscous coppery potion.
A ball python and a goblin come into view.
You see here a scroll labelled LEYTYV FADGHEO.
There are monsters nearby!
There are monsters nearby!
There are monsters nearby!
There are monsters nearby!
A quokka comes into view.
A frilled lizard comes into view.
The helpless frilled lizard fails to defend itself.
You impale the frilled lizard!!
You kill the frilled lizard!
No target in view!
A quokka comes into view.
Found 13 stones.
Found a cloak.
The ball python hisses angrily.
The quokka bites you but does no damage.
You hit the ball python.
You kill the ball python!
The quokka bites you.
You closely miss the quokka. You grab the quokka.
You squeeze the quokka, but do no damage.
You constrict the quokka, but do no damage.
The quokka bites you.
* * * LOW HITPOINT WARNING * * *
You are too injured to fight recklessly!
You are too injured to fight recklessly!
You are too injured to fight recklessly!
You release your grip on the quokka.
The quokka bites you.
You die...

#.#.# #.##...#
#####.#.# #.##...#####
#.......####.##........
.......................
.............#.[......
#..........#.(......
#.†........#........
#..........@.r......
#...#..####.##r.......
#...# #..##
#.##†....... ##. ##..#
#...#....... ## #..#
###.........
...####..#####.........
............###........
..............#........
##.####................


You could see 2 quokkas.

Vanquished Creatures
  A ball python (D:1)
  A frilled lizard (D:1)
2 creatures vanquished.

Notes
Turn   | Place    | Note
-------+----------+-------------------------------------------
     0 | D:1      | Urokeeper the Octopode Brigand began the quest for the Orb.
     0 | D:1      | Reached XP level 1. HP: 14/14 MP: 1/1
    57 | D:1      | Slain by a quokka

Illustrated notes

Levels and vault maps discovered:
D:1:      tarquinn_simple_flora_water_b, layout_rooms,
          dreamdust_ecumenical_altar_grove

Action                   || total
-------------------------++-------
Melee: Dagger            ||     3
       Constrict         ||     1
       Tentacles         ||     1
 Stab: Sleeping          ||     1
Armor: Skin              ||     1
